 Dungeon Crawl Stone Soup version 0.17-a0-848-g7e5c6af (webtiles) character file.

1071 inmateoo the Chiller (level 8, -1/46 HPs)
             Began as an Octopode Ice Elementalist on Apr 27, 2015.
             Was a Believer of Vehumet.
             Hit by a tomahawk of returning thrown by an orc warrior (11 damage)
             ... on level 6 of the Dungeon.
             The game lasted 00:14:48 (4963 turns).

inmateoo the Chiller (Octopode Ice Elementalist)    Turns: 4963, Time: 00:14:48

Health: -1/46      AC:  1    Str:  7    XL:     8   Next: 28%
Magic:  14/14      EV: 14    Int: 19    God:    Vehumet [**....]
Gold:   265        SH:  0    Dex: 15    Spells: 4 memorised, 5 levels left

rFire  . . .     SeeInvis .     o - +0 rod of the swarm (2/14)
rCold  . . .     Clarity  .     (no shield)
rNeg   . . .     SustAb   .     (helmet restricted)
rPois  .         Gourm    .     h - amulet of regeneration
rElec  .         Spirit   .     j - ring of protection from magic (curse)
rCorr  .         Warding  .     l - ring of stealth
rMut   .         Stasis   .     (no ring)
MR     +....                    (no ring)
Stlth  ++++......               (no ring)
                                (no ring)
                                (no ring)
                                (no ring)

@: somewhat resistant to hostile enchantments, stealthy
A: almost no armour, amphibious, 8 rings, constrict 8, camouflage 1, agile 1,
spit poison 1, wild magic 1, gelatinous body 1
a: Spit Poison, Renounce Religion


You were on level 6 of the Dungeon.
You worshipped Vehumet.
Vehumet was pleased with you.
You were near starving.

You visited 1 branch of the dungeon, and saw 6 of its levels.

You collected 265 gold pieces.

Inventory:

Hand weapons
 y - a +3 scimitar of protection
Rods
 o - a +0 rod of the swarm (2/14) (weapon)
   (You found it on level 2 of the Dungeon)
Jewellery
 h - an amulet of regeneration (around mantle)
 j - a cursed ring of protection from magic (left tentacle)
 l - a ring of stealth (right tentacle)
 z - an uncursed ring of ice {unknown}
 A - a cursed amulet of inaccuracy {unknown}
Magical devices
 d - a wand of frost (14)
 g - a wand of frost (23)
 s - a wand of random effects (31)
 u - a wand of magic darts (42)
Scrolls
 i - 7 scrolls of remove curse
 k - a scroll of enchant weapon
 m - 2 scrolls of fear
 w - a scroll of amnesia
 x - a scroll of teleportation
Potions
 c - a potion of invisibility
 e - a potion of agility
 f - 3 potions of curing
 q - a potion of resistance
 t - a potion of might
 v - a potion of brilliance {unknown}
 B - 2 potions of poison {unknown}
Books
 a - a book of Frost

   Spells                             Type                      Level
   a - Freeze                         Ice                          1
   b - Throw Frost                    Conjuration/Ice              2
   c - Ozocubu's Armour               Charms/Ice                   3
   d - Throw Icicle                   Conjuration/Ice              4
   e - Summon Ice Beast               Ice/Summoning                4
   f - Condensation Shield            Ice                          4
Comestibles
 b - 6 bread rations
 n - 3 meat rations
 r - a fruit


   Skills:
 + Level 4.2 Dodging
 - Level 2.6 Stealth
 + Level 4.0 Spellcasting
 - Level 1.0 Conjurations
 * Level 6.2 Ice Magic
 * Level 5.6 Evocations


You had 5 spell levels left.
You knew the following spells:

 Your Spells              Type           Power        Failure   Level  Hunger
a - Freeze                Ice            ####         4%          1    None
b - Throw Frost           Conj/Ice       ####..       13%         2    ##.....
c - Ozocubu's Armour      Chrm/Ice       ###.....     22%         3    ###....
d - Throw Icicle          Conj/Ice       ####....     50%         4    ####...


Dungeon Overview and Level Annotations

Branches:
Dungeon (6/15)
 Temple: D:4-7

Altars:
Dithmenos
Makhleb
Nemelex Xobeh
Qazlal
Vehumet
Xom
The Shining One


Innate Abilities, Weirdness & Mutations

You cannot wear most types of armour.
You are amphibious.
You can wear up to eight rings at the same time.
You can use your tentacles to constrict eight enemies at once.
Your skin changes colour to match your surroundings (Stealth).
Your rubbery body absorbs attacks (AC +1).
You are agile. (Dex +2)
You can spit weak poison.
Your spells are a little harder to cast, but a little more powerful.


Message History

o - a +0 rod of the swarm (12/14) (weapon)
You are feeling very hungry.
The orc warrior throws a tomahawk of returning.
The tomahawk of returning hits you.
You swap places.
You are near starving!
The orc warrior throws a tomahawk of returning.
The tomahawk of returning hits you!
* * * LOW HITPOINT WARNING * * *
Unknown command.
Your killer bee barely misses the orc warrior.
The orc warrior hits your killer bee with a war axe.
Unknown command.
Your killer bee completely misses the orc warrior.
Your killer bee stings the orc warrior but does no damage.
Your killer bee stings the orc warrior!
The orc warrior throws a tomahawk of returning.
The tomahawk of returning closely misses your killer bee.
The tomahawk of returning hits you!
You die...

..........+..##.........#.##....)
..........#...'....#..###.##..#..
.............##....#..# #.##..#..
..........#.###........ ..##..#..
............# #......#######..#..
.......###### #........(......#..
.......#...# ##....b#######.#...
#####'##.#.# #.....# #.#...
#.##.#.# #@....#######.#.รท.
#.##.#.# #................[
#.##.#.#####..w.#####o#####..
#.##.#.....'....'..##.#####..
#.##.#.#####.s(.#####o#......
#.##.### ####y# #.#.###.# #.##.#
#o# #........ #.##.#
#o#######.....# #....#
#.o..o.o.......


You could see an orc warrior, an orc priest, a friendly worm, a friendly
scorpion and a friendly killer bee.

Vanquished Creatures
  A giant frog (D:5)
  2 crimson imps
  An orc wizard (D:5)
  An orc priest (D:5)
  A worker ant (D:4)
  Natasha (twice) (D:3)
  3 gnolls
  5 adders
  An ooze (D:1)
  An adder zombie (D:5)
  8 giant geckos
  7 orcs (D:5)
  10 bats
  5 giant cockroaches
  12 hobgoblins
  4 jackals
  12 kobolds
  4 quokkas
  5 giant newts
  9 goblins
  8 rats
102 creatures vanquished.

Vanquished Creatures (collateral kills)
  Prince Ribbit (D:5)
  Eustachio (D:4)
  Menkaure (D:5)
  Edmund (D:4)
  An orc warrior (D:5)
  A water moccasin (D:6)
  An ice beast (D:5)
  A phantom (D:4)
  A hound (D:4)
  A quasit (D:5)
  A gnoll shaman (D:4)
  Crazy Yiuf (D:5)
  An orc wizard (D:6)
  7 gnolls
  An adder (D:4)
  3 worms
  3 orcs (D:5)
  Natasha (D:3)
  A giant cockroach (D:5)
  A goblin (D:4)
  3 hobgoblins
  A giant gecko skeleton (D:4)
  3 kobolds
  2 rats
39 creatures vanquished.

Vanquished Creatures (others)
  2 scorpions
  4 killer bees
  4 worker ants
  2 worms
12 creatures vanquished.

Grand Total: 153 creatures vanquished

Notes
Turn   | Place    | Note
--------------------------------------------------------------
     0 | D:1      | inmateoo, the Octopode Ice Elementalist, began the quest for the Orb.
     0 | D:1      | Reached XP level 1. HP: 11/11 MP: 3/3
   129 | D:1      | Found a glowing golden altar of the Shining One.
   200 | D:1      | Reached XP level 2. HP: 9/17 MP: 0/5
   516 | D:1      | Reached XP level 3. HP: 17/21 MP: 0/6
   520 | D:1      | Learned a level 2 spell: Throw Frost
   926 | D:2      | Identified a -1 rod of the swarm (12/12) (You found it on level 2 of the Dungeon)
  1200 | D:2      | Reached XP level 4. HP: 23/27 MP: 4/7
  1258 | D:2      | Found a sparkling altar of Nemelex Xobeh.
  1267 | D:2      | Reached skill level 1 in Evocations
  1539 | D:3      | Noticed Natasha
  1546 | D:3      | Killed Natasha
  1546 | D:3      | Reached skill level 4 in Ice Magic
  1608 | D:3      | Found a stormy altar of Qazlal.
  1609 | D:3      | Found a shadowy altar of Dithmenos.
  1609 | D:3      | Noticed Natasha
  1620 | D:3      | Killed Natasha
  1648 | D:3      | Reached XP level 5. HP: 31/31 MP: 8/8
  1707 | D:3      | Found a shimmering altar of Xom.
  1708 | D:3      | Found a burning altar of Makhleb.
  1756 | D:3      | Noticed Natasha
  1767 | D:3      | Killed Natasha
  2162 | D:4      | Noticed Edmund
  2189 | D:4      | Killed Edmund
  2189 | D:4      | Reached XP level 6. HP: 30/36 MP: 10/10
  2424 | D:4      | Found a radiant altar of Vehumet.
  2440 | D:4      | Became a worshipper of Vehumet
  2445 | D:4      | Learned a level 3 spell: Ozocubu's Armour
  2450 | D:4      | Learned a level 4 spell: Throw Icicle
  2584 | D:4      | Noticed Eustachio
  2595 | D:4      | Killed Eustachio
  2908 | D:4      | Reached skill level 5 in Ice Magic
  2908 | D:4      | Reached XP level 7. HP: 31/41 MP: 10/12
  3335 | D:5      | Entered Level 5 of the Dungeon
  3348 | D:5      | Noticed Menkaure
  3360 | D:5      | Killed Menkaure
  3524 | D:5      | Acquired Vehumet's first power
  3524 | D:5      | Offered knowledge of Magic Dart by Vehumet.
  3773 | D:5      | Reached skill level 5 in Evocations
  3838 | D:5      | Gained mutation: Your spells are a little harder to cast, but a little more powerful. [potion of mutation]
  3838 | D:5      | Gained mutation: You are agile. (Dex +2) [potion of mutation]
  3838 | D:5      | Gained mutation: You can spit weak poison. [potion of mutation]
  3948 | D:5      | Noticed Prince Ribbit
  3960 | D:5      | Killed Prince Ribbit
  3960 | D:5      | Reached skill level 6 in Ice Magic
  3960 | D:5      | Reached XP level 8. HP: 46/46 MP: 13/13
  4062 | D:5      | Noticed Crazy Yiuf
  4070 | D:5      | Killed Crazy Yiuf
  4449 | D:6      | Offered knowledge of Shock by Vehumet.
  4963 | D:6      | Hit by a tomahawk of returning thrown by an orc warrior

Action                   |  1- 3 |  4- 6 |  7- 9 || total
-------------------------+-------+-------+-------++-------
Melee: Unarmed           |    12 |    47 |    33 ||    92
       Scimitar          |       |       |    67 ||    67
 Cast: Freeze            |    38 |    51 |     6 ||    95
       Throw Frost       |       |     2 |     2 ||     4
       Ozocubu's Armour  |       |       |     1 ||     1
Evoke: Rod               |     1 |    11 |    13 ||    25
  Use: Scroll            |       |    14 |     4 ||    18
       Potion            |       |       |     1 ||     1
 Stab: Sleeping          |       |     1 |     7 ||     8
  Eat: Chunk             |     1 |     9 |    10 ||    20
       Fruit             |       |       |     2 ||     2
       Beef jerky        |       |       |     1 ||     1
